 Seeded DCSS version 0.28-a0-1387-g3a22ab9bdc (webtiles) character file.

Game seed: 20220103 (custom seed)

561 flotson the Ducker (level 7, -4/53 HPs)
             Began as a Demonspawn Gladiator on Jan 3, 2022.
             Was a Follower of Ashenzari.
             Slain by Menkaure (17 damage)
             ... on level 5 of the Dungeon.
             The game lasted 00:09:58 (5006 turns).

flotson the Ducker (Demonspawn Gladiator)           Turns: 5006, Time: 00:09:59

Health: -4/53      AC: 17    Str: 17    XL:     7   Next: 9%
Magic:  7/7        EV:  8    Int:  9    God:    Ashenzari [*.....]
Gold:   232        SH:  0    Dex: 14    Spells: 6/6 levels left

rFire   . . .      SeeInvis .   a - +3 hand axe of the Ruined Pleiades {elec, Cun, Range} (curse)
rCold   . . .      Faith    .   (no shield)
rNeg    . . .      Spirit   .   e - +3 chain mail {Will+}
rPois   .          Reflect  .   (helmet restricted)
rElec   .          Harm     .   s - +0 cloak "Chained Cynicism" {Melee, Fort} (curse)
rCorr   .          Rampage  .   (no gloves)
Will    +....                   n - +0 pair of boots
Stlth   ..........              (no amulet)
HPRegen 0.17/turn               (no ring)
MPRegen 0.10/turn               (no ring)

@: no status effects
A: horns 1, thin metallic scales 2
a: Renounce Religion, Shatter the Chains


You were on level 5 of the Dungeon.
You worshipped Ashenzari.
Ashenzari was aware of your devotion.
You visited 1 branch of the dungeon, and saw 5 of its levels.

You collected 232 gold pieces.

Inventory:

Hand Weapons
 a - the cursed +3 hand axe of the Ruined Pleiades (weapon) {elec, Cun, Range}
   (You found it on level 2 of the Dungeon)

   It occasionally discharges a powerful burst of electricity upon striking a
   foe.
   It has a curse which improves the following skills: Cunning: Dodging and
   Stealth.
   Ranged Combat: Slings, Bows, Crossbows and Throwing.
 b - a +1 flail of protection
Missiles
 d - 3 throwing nets
 o - 4 poisoned darts
 r - 4 curare-tipped darts
 t - 3 silver javelins (quivered)
Armour
 e - a +3 chain mail of willpower (worn)
 n - a +0 pair of boots (worn)
 s - the cursed +0 cloak "Chained Cynicism" (worn) {Melee, Fort}
   (You found it on level 4 of the Dungeon)

   It has a curse which improves the following skills: Melee Combat: Short
   Blades, Long Blades, Axes, Maces & Flails, Polearms, Staves and Unarmed
   Combat.
   Fortitude: Armour and Shields.
Jewellery
 c - a ring of fire
 m - a ring of fire
Scrolls
 f - 2 scrolls of enchant weapon
 h - a scroll of fear
 k - a scroll of holy word
 l - 2 scrolls of immolation
 p - a scroll of magic mapping
 q - a scroll of fog
Potions
 g - 2 potions of attraction
 i - a potion of mutation
 j - a potion of haste
 u - a potion of lignification


   Skills:
 + Level 3.8 Fighting
 + Level 2.8(4.1) Axes
 - Level 2.6(4.0) Maces & Flails
 + Level 3.4(4.3) Throwing
 + Level 2.7(3.6) Armour
 + Level 4.1(5.0) Dodging


You had 6 spell levels left.
You didn't know any spells.
Your spell library contained the following spells:

 Spells                   Type           Power      Damage    Failure   Level
 Fulminant Prism          Conj/Hex       0%         3d6       100%        4
 Iskenderun's Mystic Bla  Conj/Tloc      0%         2d3       100%        4
 Lee's Rapid Deconstruct  Erth           0%         3d5*      100%        5


Dungeon Overview and Level Annotations

Branches:
Dungeon (5/15)
 Temple: D:4-7

Altars:
Ashenzari
Okawaru
Qazlal
Uskayaw
Xom

Shops:
D:1 :

Annotations:
D:5 Menkaure


Innate Abilities, Weirdness & Mutations

You have a pair of small horns on your head.
You are mostly covered in thin metallic scales. (AC +3)


Message History

The water moccasin zombie barely misses you.
You slash the water moccasin zombie!
The water moccasin zombie is moderately damaged.
The water moccasin zombie bites you.
You closely miss the water moccasin zombie.
You headbutt the water moccasin zombie!
The water moccasin zombie is heavily damaged.
The water moccasin zombie bites you but does no damage.
You barely miss the water moccasin zombie.
Your headbutt misses the water moccasin zombie.
The water moccasin zombie is heavily damaged.
The water moccasin zombie closely misses you.
The water moccasin zombie bites you but does no damage.
You barely miss the water moccasin zombie.
Your headbutt misses the water moccasin zombie.
The water moccasin zombie is heavily damaged.
You closely miss Menkaure. Menkaure closely misses you.
The water moccasin zombie bites you but does no damage.
You slash the water moccasin zombie!
Lightning courses through the water moccasin zombie!
The water moccasin zombie is almost destroyed.
You hit Menkaure. The water moccasin zombie bites you. Menkaure hits you!
You completely miss the water moccasin zombie.
The water moccasin zombie is almost destroyed.
You barely miss Menkaure.
The water moccasin zombie bites you but does no damage.
Menkaure hits you!
You are too injured to fight recklessly!
You hit Menkaure. You headbutt Menkaure!
Menkaure is severely damaged.
You barely miss the water moccasin zombie.
The water moccasin zombie bites you but does no damage. x2
Menkaure hits you!
* * * LOW HITPOINT WARNING * * *
You slash Menkaure!
Menkaure is almost destroyed.
You hit the water moccasin zombie.
You destroy the water moccasin zombie!
Menkaure hits you!
You die...

.. ..##..#.# ..###
##.......# .
....###......... ..
#.....<......[. ...
##...##.......# ....
#....#.......#
#....###.............
#[.....#...........
##@.###.........
#M.##....###...
##.......# #..
#.......# ..
!..###....# ....M
###..# ..###. #.# .
## ..# #...


You could see Menkaure.

Vanquished Creatures
  Edmund (D:4)
  A water moccasin zombie (D:5)
  3 killer bees
  An orc priest (D:2)
  An iguana (D:5)
  Terence (D:3)
  Natasha (D:2)
  A hound skeleton (D:4)
  8 gnolls
  3 adders (D:2)
  5 dart slugs
  6 orcs
  5 bats
  4 endoplasms
  3 giant cockroaches
  4 goblins
  7 hobgoblins
  7 jackals
  7 kobolds
  5 quokkas
  9 ball pythons
  3 frilled lizards
  A rat (D:1)
87 creatures vanquished.

Vanquished Creatures (others)
  A demonic plant (D:1)
1 creature vanquished.

Grand Total: 88 creatures vanquished

Notes
Turn   | Place    | Note
-------+----------+-------------------------------------------
     0 | D:1      | flotson the Demonspawn Gladiator began the quest for the
                  | Orb.
     0 | D:1      | Reached XP level 1. HP: 16/16 MP: 1/1
   276 | D:1      | Gained mutation: You are partially covered in thin metallic
                  | scales. (AC +2) [demonic ancestry]
   276 | D:1      | Reached XP level 2. HP: 18/22 MP: 2/2
   515 | D:1      | Found Tomimios's Book Shop.
   721 | D:1      | Found a faded altar of an unknown god.
   721 | D:1      | Noticed a hellion
   753 | D:1      | Prayed at the altar of an unknown god.
   753 | D:1      | Became a worshipper of Ashenzari the Shackled
   907 | D:1      | Reached skill level 3 in Dodging
  1055 | D:2      | Gained mutation: You are mostly covered in thin metallic
                  | scales. (AC +3) [demonic ancestry]
  1055 | D:2      | Reached XP level 3. HP: 23/28 MP: 3/3
  1140 | D:2      | Reached skill level 1 in Axes
  1278 | D:2      | Reached skill level 1 in Armour
  1599 | D:2      | Reached XP level 4. HP: 26/34 MP: 4/4
  1759 | D:2      | Found an iron altar of Okawaru.
  2235 | D:2      | Reached * piety under Ashenzari
  2243 | D:2      | Noticed Natasha
  2250 | D:2      | Killed Natasha
  2251 | D:2      | Gained mutation: You have a pair of small horns on your
                  | head. [demonic ancestry]
  2251 | D:2      | Reached XP level 5. HP: 19/40 MP: 5/5
  2442 | D:3      | Found a hide-covered altar of Uskayaw.
  2882 | D:3      | Noticed Terence
  2897 | D:3      | Killed Terence
  3390 | D:4      | Noticed an ogre
  3415 | D:3      | Reached XP level 6. HP: 30/47 MP: 6/6
  3676 | D:4      | Found a stormy altar of Qazlal.
  3704 | D:4      | HP: 2/47 [poisoned by a killer bee]
  4637 | D:4      | Found a shimmering altar of Xom.
  4660 | D:4      | Reached ** piety under Ashenzari
  4719 | D:4      | Noticed Edmund
  4736 | D:4      | Killed Edmund
  4737 | D:4      | Reached skill level 4 in Dodging
  4737 | D:4      | Reached XP level 7. HP: 49/53 MP: 7/7
  4938 | D:5      | Entered Level 5 of the Dungeon
  4996 | D:5      | Noticed Menkaure
  5006 | D:5      | Slain by Menkaure

Illustrated notes

Levels and vault maps discovered:
D:1:      eino_arrival_cavern_a, layout_basic,
          dreamdust_ecumenical_altar_sealed_demon, serial_shops, shop_fountains
D:2:      layout_basic, basic_altar, uniq_natasha
D:3:      layout_rooms, overflow_temple_1_default, uniq_terence
D:4:      layout_basic, grunt_qazlal_clouds, mainiacjoe_overflow_catwalk,
          uniq_edmund
D:5:      layout_layer_cave, nzn_wu_jian_council_hall,
          minmay_temple_entry_large_hall, serial_shops, shop, uniq_menkaure

Skill      XL: |  1  2  3  4  5  6 |
---------------+-------------------+-----
Throwing       | 2 3 |  3.4
Dodging        | 3 4 |  4.1
Axes           | 1 2 |  2.8
Armour         | 1 2 |  2.7
Fighting       | 3 |  3.8
Maces & Flails | |  2.6

Action                   |  1- 3 |  4- 6 |  7- 9 || total
-------------------------+-------+-------+-------++-------
Melee: Flail             |   103 |    32 |       ||   135
       Hand axe          |       |   151 |    11 ||   162
       Headbutt          |       |    17 |     3 ||    20
Throw: Dart              |       |     7 |       ||     7
       Javelin           |       |     3 |       ||     3
Invok: Curse Item        |     1 |     3 |       ||     4
       Shatter the Chain |       |       |     1 ||     1
  Use: Potion            |       |     1 |       ||     1
       Scroll            |       |     1 |       ||     1
Armor: Scale mail        |    81 |   118 |       ||   199
       Chain mail        |       |       |     8 ||     8
Dodge: Dodged            |    81 |   141 |     4 ||   226

Table legend: (Time is in decaauts)
 A = Elapsed time spent in this place.
 B = Non-inter-level travel time spent in this place.
 C = Inter-level travel time spent in this place.
 D = Time resting spent in this place.
 E = Time spent auto-exploring this place.
 F = Levels seen in this place.
 G = Mean time per level.
                   A        B        C        D        E       F      G
               +--------+--------+--------+--------+--------+-----+--------+
         Total |   5078 |   4854 |    224 |   1119 |   2879 |   5 | 1015.6 |
       Dungeon |   5078 |   4854 |    224 |   1119 |   2879 |   5 | 1015.6 |
               +--------+--------+--------+--------+--------+-----+--------+

Top non-repeatable levels by time:
     D:2: 1506 daAuts
     D:4: 1482 daAuts
     D:1: 1311 daAuts
     D:3: 752 daAuts
     D:5: 26 daAuts
